 Dungeon Crawl Stone Soup version 0.25-a0-1056-g2efb326896 (webtiles) character file.

Game seed: 5113491013504506079, levelgen mode: deterministic

18 Flugslaktarn the Covered (level 2, -1/27 HPs)
             Began as a Deep Dwarf Fighter on May 13, 2020.
             Killed from afar by a white imp (2 damage)
             ... with a puff of frost
             ... summoned by Eustachio
             ... on level 4 of the Dungeon.
             The game lasted 00:00:17 (357 turns).

Flugslaktarn the Covered (Deep Dwarf Fighter)        Turns: 357, Time: 00:00:18

Health: -1/27      AC:  6    Str: 19    XL:     2   Next: 48%
Magic:  2/2        EV:  2    Int:  8    God:
Gold:   0          SH:  0    Dex: -4 (12) Spells: 1/1 levels left

rFire    . . .     SeeInvis .   a - +0 war axe
rCold    . . .     Gourm    .   c - +0 kite shield
rNeg     . . .     Faith    .   b - +0 scale mail
rPois    .         Spirit   .   (no helmet)
rElec    .         Reflect  .   (no cloak)
rCorr    .         Harm     .   (no gloves)
MR       .....                  (no boots)
Stlth    ..........             (no amulet)
HPRegen  0.00/turn              (no ring)
MPRegen  0.08/turn              (no ring)

@: non-regenerating, slowed, lost dexterity, very slow
A: damage resistance, heal wounds, sense surroundings 1, no regeneration
a: Heal Wounds


You were on level 4 of the Dungeon.
You were not hungry.

You visited 1 branch of the dungeon, and saw 4 of its levels.

Inventory:

Hand Weapons
 a - a +0 war axe (weapon)
Armour
 b - a +0 scale mail (worn)
 c - a +0 kite shield (worn)
Scrolls
 h - 2 scrolls of fog {unknown}
 i - a scroll of identify {unknown}
Potions
 d - a potion of might
 f - a potion of curing {unknown}
Comestibles
 e - 2 rations


   Skills:
 + Level 2.8 Fighting
 * Level 2.8 Axes
 + Level 3.5 Armour
 + Level 3.5 Shields


You had one spell level left.
You didn't know any spells.
Your spell library was empty.

Dungeon Overview and Level Annotations

Branches:
Dungeon (4/15)
 Temple: D:4-7

Altars:

Annotations:
D:4 Eustachio


Innate Abilities, Weirdness & Mutations

You are resistant to damage.
You can heal yourself by infusing magical energy.
You passively map a small area around you.
You do not regenerate.


Message History

You closely miss the rat. You barely miss the bat. You hit the white imp.
You closely miss the river rat.
Your shield prevents you from hitting the bat.
The bat hits you but does no damage. x2; The rat bites you.
The river rat bites you but does no damage.
The white imp gestures at you. The puff of frost hits you.
The rat bites you but does no damage. The river rat bites you!
The white imp hits you. The white imp freezes you.
* * * LOW HITPOINT WARNING * * *
The rat bites you but does no damage. The bat hits you but does no damage.
The bat hits you. The bat hits you but does no damage.
The rat bites you but does no damage. The river rat bites you.
* * * LOW HITPOINT WARNING * * *
You fail to use your ability.
The bat hits you but does no damage. The rat bites you but does no damage.
The river rat bites you.
* * * LOW HITPOINT WARNING * * *
The white imp gestures at you. The puff of frost hits you.
You die...

* ##.#.##
***......# ...
*#.....# * ,
....#####.....##
........#......##
....##..........#
........@.<.....#
*
..(......b..#..#..
*
...?....@...#..#,,
, *
.......rr5†.......
, *
........b.........
,
#...............#.
#...##.....#...##*
,
*...........#....#
..."......####....
, , .. ....##.#
#... , ,..?. .. ,
,


You could see Eustachio, a river rat (summoned), a white imp (summoned), 2 bats
and a rat (summoned).

Vanquished Creatures
  An ooze (D:1)
  4 jackals
  2 quokkas
  2 frilled lizards
  2 goblins
  2 rats (D:3)
13 creatures vanquished.

Notes
Turn   | Place    | Note
-------+----------+-------------------------------------------
     0 | D:1      | Flugslaktarn the Deep Dwarf Fighter began the quest for the
                  | Orb.
     0 | D:1      | Reached XP level 1. HP: 20/20 MP: 1/1
   120 | D:2      | Reached XP level 2. HP: 25/27 MP: 2/2
   208 | D:4      | Noticed Eustachio
   227 | D:4      | Noticed a crimson imp
   227 | D:4      | Noticed a crimson imp
   230 | D:4      | Lost dexterity.
   240 | D:3      | HP: 1/27 [jackal (2)]
   357 | D:4      | HP: 1/27 [river rat[Eustachio] (4)]
   357 | D:4      | Killed from afar by a white imp

Illustrated notes

Levels and vault maps discovered:
D:1:      dpeg_arrival_prison, layout_basic
D:2:      layout_loops_corners, nicolae_tso_swordbearing_angel, uniq_robin
D:3:      layout_loops_corners, first_ration
D:4:      layout_cave_pools, lemuel_doored_altar, uniq_eustachio

Action                   || total
-------------------------++-------
Melee: War axe           ||    54
 Abil: Heal Wounds       ||     1
Armor: Scale mail        ||   127
Dodge: Dodged            ||    52
Block: Kite shield       ||    49

Table legend:
 A = Non-vault XP
 B = Vault XP
 C = Vault XP percentage of total XP
 D = Non-vault monster count
 E = Vault monster count
 F = Vault count percentage of total count
                 A         B        C        D         E       F
            +---------+---------+-------+---------+---------+-------
      Total |      26 |       0 |   0.0 |      13 |       0 |   0.0
            +---------+---------+-------+---------+---------+-------
        D:1 |       8 |       0 |   0.0 |       2 |       0 |   0.0
        D:2 |       4 |       0 |   0.0 |       2 |       0 |   0.0
        D:3 |       5 |       0 |   0.0 |       4 |       0 |   0.0
        D:4 |       9 |       0 |   0.0 |       5 |       0 |   0.0
            +---------+---------+-------+---------+---------+-------
